 Dungeon Crawl Stone Soup version 0.18-a0-1639-g7533f42 (webtiles) character file.

615335 graki42 the Archmage (level 26, -1/132 HPs)
             Began as a Deep Elf Fire Elementalist on Mar 23, 2016.
             Was the Champion of Vehumet.
             Slain by a bennu (20 damage)
             ... on level 2 of the Tomb of the Ancients on Mar 27, 2016.
             The game lasted 09:21:27 (63269 turns).

graki42 the Archmage (Deep Elf Fire Elementalist)  Turns: 63269, Time: 09:21:28

Health: -1/132     AC: 21    Str:  1 (5)  XL:     26   Next: 88%
Magic:  0/56       EV: 20    Int: 24 (33) God:    Vehumet [******]
Gold:   6026       SH:  5    Dex: 15 (18) Spells: 13 memorised, 10 levels left

rFire  + + +     SeeInvis .     b - staff of wizardry
rCold  x x .     Gourm    .     U - +2 robe {Archmagi}
rNeg   + + +     Faith    .     e - +2 buckler {reflect}
rPois  ∞         Spirit   +     L - +2 hat of the Bear Spirit {Spirit, +Rage rN+ MR++}
rElec  .         Dismiss  .     y - +2 cloak {rPois}
rCorr  .         Reflect  +     I - +2 pair of gloves {Dex+3}
SustAt .         Harm     .     K - +2 pair of boots
MR     +++++                    l - amulet of magic regeneration
Stlth  +++.......               h - ring of fire
                                f - ring of fire

@: immune to fire clouds, lich-form, very slightly contaminated, delayed
fireball, almost entirely resistant to hostile enchantments, fairly stealthy
A: talons 1, cold resistance 1
a: End Transformation, Renounce Religion, Release Delayed Fireball
}: 3/15 runes: decaying, serpentine, silver


You were on level 2 of the Tomb of the Ancients.
You worshipped Vehumet.
Vehumet was exalted by your worship.
You were not hungry.
You were a lich.
You visited 11 branches of the dungeon, and saw 50 of its levels.
You also visited: Labyrinth, Ossuary, Ice Cave, Volcano and Wizlab.

You collected 7783 gold pieces.
You spent 1757 gold pieces at shops.

Inventory:

Hand Weapons
 E - the +1 blowgun of Vaggub {speed, rElec}
   (You found it on level 2 of the Depths)

   Attacks with this weapon are significantly faster.
   It insulates you from electricity.
Missiles
 J - 10 throwing nets (quivered)
Armour
 e - a +2 buckler of reflection (worn)
 y - a +2 cloak of poison resistance (worn)
 I - a +2 pair of gloves of dexterity (worn)
 K - a +2 pair of boots (worn)
 L - the +2 hat of the Bear Spirit (worn) {Spirit, +Rage rN+ MR++}
   (You found it in an ice cave)

   It protects you from negative energy.
   It affects your resistance to hostile enchantments.
   It lets you go berserk.
 U - a +2 robe of the Archmagi (worn)
Magical Staves
 b - an uncursed staff of wizardry (weapon)
 Q - an uncursed staff of energy
Jewellery
 c - the ring of Due Proportion {rN+ MR+}
   (You found it on level 5 of the Vaults)

   [ring of positive energy]

   It protects you from negative energy.
   It affects your resistance to hostile enchantments.
 f - a ring of fire (left hand)
 h - a ring of fire (right hand)
 l - an amulet of magic regeneration (around neck)
 o - an uncursed ring of flight
 z - an uncursed ring of wizardry
 A - a +2 ring of protection
 G - an uncursed ring of resist corrosion
 R - an uncursed ring of see invisible
Wands
 s - a wand of heal wounds (2/9)
 F - a wand of hasting (4/9)
 H - a wand of teleportation (1/9)
Scrolls
 a - 15 scrolls of identify
 d - a scroll of silence
 i - a scroll of amnesia
 j - a scroll of acquirement
 p - a scroll of magic mapping
 q - 4 scrolls of immolation
 r - a scroll of fear
 u - 6 scrolls of recharging
 w - 9 scrolls of teleportation
 C - 4 scrolls of holy word
 D - 17 scrolls of fog
 S - 8 scrolls of remove curse
Potions
 g - a potion of invisibility
 k - 10 potions of flight
 m - 4 potions of heal wounds
 n - 22 potions of curing
 t - 8 potions of haste
 x - 11 potions of brilliance
 P - 4 potions of resistance
Miscellaneous
 W - a lamp of fire (inert)
Comestibles
 v - 34 meat rations
 M - 7 bread rations


   Skills:
 + Level 4.4 Fighting
   Level 2.8 Short Blades
 + Level 0.2 Staves
 + Level 0.4 Throwing
 - Level 13.4 Dodging
 + Level 7.5 Stealth
 O Level 27 Spellcasting
 - Level 23.0 Conjurations
 + Level 3.5 Hexes
 + Level 9.3 Charms
 + Level 4.0 Summonings
 + Level 17.7 Necromancy
 + Level 16.7 Transmutations
 - Level 23.4 Fire Magic
 + Level 16.0 Earth Magic
 + Level 3.4 Evocations


You had 10 spell levels left.
You knew the following spells:

 Your Spells              Type           Power        Failure   Level  Hunger
a - Blink                 Tloc           N/A          1%          2    N/A
b - Conjure Flame         Conj/Fire      ########     0%          3    N/A
c - Inner Flame           Hex/Fire       ########     1%          3    N/A
d - Sticky Flame          Conj/Fire      ########     0%          4    N/A
e - Fireball              Conj/Fire      #########.   0%          5    N/A
f - Bolt of Fire          Conj/Fire      #########.   1%          6    N/A
g - Iron Shot             Conj/Erth      ########..   1%          6    N/A
h - Ring of Flames        Chrm/Fire      #########.   1%          7    N/A
i - Delayed Fireball      Conj/Fire      N/A          1%          7    N/A
j - Orb of Destruction    Conj           ########..   1%          7    N/A
k - Spellforged Servitor  Conj/Summ      #######...   1%          7    N/A
l - Fire Storm            Conj/Fire      #########.   2%          9    N/A
m - Necromutation         Trmt/Necr      ########..   4%          8    N/A

Dungeon Overview and Level Annotations

Branches:
Dungeon (15/15)            Temple (1/1) D:5            Lair (8/8) D:9
  Swamp (4/4) Lair:6        Snake (4/4) Lair:5        Slime (0/6) Lair:7
    Orc (2/2) D:12            Elf (3/3) Orc:2        Vaults (5/5) D:14
  Crypt (3/3) Vaults:2       Tomb (3/3) Crypt:3      Depths (2/5) D:15

Altars:
Ashenzari
Cheibriados
Dithmenos
Elyvilon
Fedhas
Gozag
Kikubaaqudgha
Makhleb
Nemelex Xobeh
Okawaru
Pakellas
Qazlal
Ru
Sif Muna
Trog
Vehumet
Xom
Yredelemnul
Zin
The Shining One
Jiyva

Shops:
D:6 *   D:9 *   D:13 *   D:15 *   Orc:2 }*[=   Elf:2 %   Snake:3 =%[}
Snake:4 [   Depths:1 (   Depths:2 *

Portals:
Hell: Depths:1 Depths:2
Abyss: Depths:1
Pandemonium: Depths:1 Depths:2

Annotations:
D:6 exclusion: oklob plant


Innate Abilities, Weirdness & Mutations

You are immune to clouds of flame.
You have sharp toenails.
Your flesh is cold resistant.


Message History

The bennu sears you!!
* * * LOW HITPOINT WARNING * * *
The bennu barely misses you. x2
Evoke which item? (* to show all) (? for menu, Esc to quit)
Zapping:
s - a wand of heal wounds (3/9)
Press: ? - help, Shift-Dir - straight line, f - you You feel much better.
This wand has 2 charges left.
The bennu barely misses you. The bennu completely misses you.
The bennu barely misses you.
Read which item? (? for menu, Esc to quit)
As you read the scroll of fear, it crumbles to dust.
You assume a fearsome visage.
The bennu easily resists.
The bennu's plumage briefly flares with an otherwordly flame.
The bennu pecks you! The bennu sears you!!
* * * LOW HITPOINT WARNING * * *
You block the bennu's attack. The bennu completely misses you.
The bennu pecks you.
* * * LOW HITPOINT WARNING * * *
The bennu sears you!!
You die...

###'###...###.........###....####
#..^..#....###...#...###.....#^..
#...^.#.....###..#..###......'^^.
#.....#......##.....##.......#...
#.....#......................#.^^
#..^..#.......^..............###'
#.....#......................#..^
#####'##############'#########...
#....^'.......^bL#(.^^.#...#.^...
#....^#....^...§§#....^'...#.....
#.....#..........#.....#^..#^....
#.....#.......>.>#.....#^<^#.....
#################################


You could see a bennu.

Vanquished Creatures
  3 ancient liches
  Mennas (Crypt:3)
  2 juggernauts (Depths:2)
  19 greater mummies
  Sojobo (Vaults:4)
  Margery (Vaults:4)
  Boris (Tomb:1)
  Saint Roka (Vaults:3)
  2 golden dragons (Vaults:5)
  Nikola (Vaults:1)
  Xtahua (Crypt:1)
  A bone dragon (Crypt:3)
  3 liches
  An Ice Fiend (IceCv)
  Jorgrun (Vaults:1)
  A deep elf blademaster (Elf:3)
  A moon troll (WizLab)
  5 tentacled monstrosities (Vaults:5)
  3 titans (Vaults:5)
  13 tentacled starspawn (WizLab)
  A quicksilver dragon (WizLab)
  5 ancient champions
  3 thorn hunters
  19 sphinxes
  3 shadow dragons (Vaults:5)
  4 revenants
  Roxanne (Snake:4)
  8 tengu reavers
  2 storm dragons
  10 greater nagas
  Wiglaf (Depths:2)
  8 deep elf sorcerers (Elf:3)
  The ghost of namelastname112 the Brawler, a journeyman DrMo of Ru (Depths:1)
  An orc warlord (Vaults:2)
  7 fire giants
  Aizul (Snake:2)
  8 frost giants
  An iron dragon (Depths:2)
  21 vault wardens
  4 deep elf elementalists (Elf:3)
  7 war gargoyles
  2 ghouls
  A cacodemon (WizLab)
  18 ironheart preservers
  20 stone giants
  A caustic shrike skeleton (Crypt:2)
  8 vampire knights
  12 very ugly things
  A salamander stormcaller (Vaults:5)
  A bennu (Tomb:3)
  An apis (shapeshifter) (Vaults:5)
  4 deep elf demonologists (Elf:3)
  A dire elephant (D:15)
  2 spark wasps
  7 deep elf annihilators
  25 vault guards
  7 deep elf death magi
  Snorg (Lair:6)
  16 mummy priests
  11 ettins
  14 yaktaur captains
  7 jiangshi
  5 crystal guardians
  A minotaur (shapeshifter) (Vaults:5)
  A merfolk javelineer (Depths:2)
  A minotaur (Lab)
  A great orb of eyes (shapeshifter) (Depths:2)
  Josephine (D:10)
  2 eidola
  A merfolk impaler (Depths:2)
  8 fire dragons
  4 rakshasas
  A quicksilver dragon skeleton (Crypt:3)
  Fannar (Orc:1)
  11 deep elf high priests
  14 ogre magi
  2 entropy weavers (Depths:1)
  A ghost crab (shapeshifter) (Vaults:5)
  18 naga warriors
  16 great orbs of eyes
  Harold (Volcano)
  A ghost crab (Swamp:3)
  6 ice dragons
  11 anacondas
  17 hydras
  12 centaur warriors
  4 death knights
  4 spriggan air magi (Depths:2)
  4 alligators (Swamp:3)
  Erolcha (D:8)
  37 dancing weapons
  19 death yaks
  A queen ant (D:10)
  A deep troll earth mage (Depths:1)
  6 vampire magi
  6 tengu warriors
  A spriggan berserker (Swamp:3)
  A titan zombie (Crypt:3)
  2 orc high priests (Orc:1)
  4 deep troll shamans
  Urug (D:12)
  20 deep elf knights
  4 shock serpents
  15 naga sharpshooters
  A wretched star (WizLab)
  Sonja (Lair:2)
  A fire crab (Vaults:2)
  50 skeletal warriors
  16 death scarabs
  3 shadow wraiths
  15 hell knights
  3 salamander mystics
  A ghost moth zombie (Crypt:1)
  A storm dragon skeleton (Tomb:2)
  6 unseen horrors
  14 deep elf archers
  An orange crystal statue (WizLab)
  6 starcursed masses (WizLab)
  4 flayed ghosts
  2 naga ritualists (Snake:1)
  A golden dragon zombie (Crypt:3)
  7 sea snakes (Snake:4)
  8 deep trolls
  3 shambling mangroves
  3 wizards
  7 swamp dragons
  3 harpies (Vaults:3)
  7 giant orange brains
  12 ironbrand convokers
  9 anubis guards (Tomb:2)
  2 golden dragon skeletons (Crypt:3)
  9 necromancers
  An orb spider (shapeshifter) (D:14)
  3 shadow dragon skeletons (Crypt:3)
  Pikel (D:7)
  16 phantasmal warriors
  6 mana vipers
  5 orc sorcerers
  17 orc knights
  6 hill giants
  13 salamanders
  12 griffons
  An oklob plant (D:13)
  2 hornets (shapeshifter)
  46 ugly things
  4 wolf spiders
  A fire giant zombie (Crypt:1)
  A stone giant zombie (Crypt:2)
  3 manticores
  A shining eye (shapeshifter) (Vaults:3)
  54 deep elf magi
  33 black mambas
  7 cyclopes
  2 frost giant skeletons (Vaults:2)
  A salamander (shapeshifter) (D:14)
  4 hornets
  A sphinx skeleton (Vaults:2)
  11 elephants
  A moth of wrath (shapeshifter) (Vaults:1)
  4 fire giant skeletons
  12 guardian serpents
  A water nymph (shapeshifter) (Vaults:5)
  A guardian serpent (shapeshifter) (Vaults:3)
  16 naga magi
  A black mamba (shapeshifter) (Vaults:3)
  3 eyes of devastation (WizLab)
  A stone giant skeleton (Crypt:3)
  11 vault sentinels
  A torpor snail (Lair:8)
  3 ice statues
  16 spiny frogs
  A gargoyle (D:13)
  5 kobold demonologists
  51 yaktaurs
  2 rime drakes
  14 komodo dragons
  3 centaur skeletons
  A rime drake (shapeshifter) (Depths:2)
  17 freezing wraiths
  A pale draconian skeleton (Crypt:2)
  21 guardian mummies
  5 ice devils (IceCv)
  A golden dragon simulacrum (IceCv)
  A tengu conjurer (Depths:2)
  2 polar bears (Lair:8)
  3 spriggan druids
  A queen bee (D:15)
  A queen bee (shapeshifter) (Vaults:5)
  4 trolls
  A yaktaur skeleton (Vaults:2)
  A harpy zombie (Crypt:3)
  A harpy skeleton (Crypt:2)
  5 giant leeches
  18 two-headed ogres
  Prince Ribbit (D:6)
  An alligator zombie (Crypt:2)
  A snapping turtle (shapeshifter) (Depths:1)
  5 boulder beetles
  11 ushabtiu
  16 blink frogs
  An ice dragon zombie (Crypt:3)
  A raiju (shapeshifter) (Depths:1)
  11 bog bodies
  22 slime creatures
  A fire dragon zombie (Tomb:1)
  A hornet zombie (D:13)
  39 flying skulls
  An ettin zombie (Tomb:3)
  A guardian serpent skeleton (Crypt:1)
  8 redbacks
  6 air elementals
  2 ettin skeletons
  22 spriggans
  2 vampires
  A tarantella (Vaults:2)
  8 wraiths
  4 wyverns
  A spriggan (shapeshifter) (Vaults:1)
  2 tarantellas (shapeshifter)
  9 water elementals (Depths:2)
  6 shadows
  54 yaks
  4 dire elephant simulacra (IceCv)
  A human (D:7)
  12 hippogriffs
  A redback simulacrum (D:15)
  3 neqoxecs (WizLab)
  3 fire elementals
  5 basilisks
  A death yak simulacrum (IceCv)
  3 hungry ghosts
  A wind drake skeleton (Crypt:1)
  A steam dragon (D:15)
  2 iron troll simulacra (IceCv)
  A basilisk (shapeshifter) (D:12)
  A giant leech zombie (Crypt:2)
  3 mottled dragons
  Menkaure (D:4)
  7 wargs
  27 vampire mosquitoes
  8 soldier ants
  5 harpy simulacra (IceCv)
  12 insubstantial wisps
  13 swamp worms
  A faun skeleton (Crypt:1)
  59 nagas
  A soldier ant (shapeshifter) (Vaults:4)
  11 porcupines
  22 water moccasins
  3 hydra simulacra
  14 swamp drakes
  21 wasps
  3 necrophages
  Duvessa (D:6)
  An eye of draining (shapeshifter) (Elf:1)
  6 ice beasts
  57 orc warriors
  An ettin simulacrum (IceCv)
  2 eyes of draining
  2 sky beasts
  2 phantoms (D:5)
  60 ogres
  11 black bears
  A wolf (shapeshifter) (Vaults:5)
  26 centaurs
  34 wolves
  10 boggarts
  An orc skeleton (Vaults:2)
  6 human skeletons
  A snapping turtle skeleton (Crypt:3)
  A lindwurm skeleton (Crypt:2)
  13 crocodiles
  A blink frog skeleton (Crypt:1)
  2 big kobolds
  22 giant frogs
  A salamander skeleton (Crypt:1)
  A wyvern zombie (D:10)
  4 earth elementals
  A wyvern skeleton (D:14)
  2 human simulacra (Vaults:2)
  Dowan (D:6)
  A scorpion (D:3)
  A warg skeleton (Crypt:1)
  22 killer bees
  An oklob sapling (D:13)
  5 wights
  A spriggan skeleton (Crypt:1)
  A swamp dragon simulacrum (Tomb:2)
  6 electric eels
  5 howler monkeys
  7 crimson imps
  A giant frog zombie (D:10)
  4 lava snakes (Lab)
  5 quasits
  2 human zombies (Ossuary)
  2 centaur zombies
  16 orc priests
  Crazy Yiuf (D:6)
  6 hounds
  3 jellies
  A giant frog skeleton (D:13)
  10 iguanas
  25 worker ants
  Natasha (thrice) (D:4)
  27 orc wizards
  4 troll simulacra (IceCv)
  A statue (D:9)
  3 polar bear simulacra (IceCv)
  A spriggan simulacrum (IceCv)
  A killer bee zombie (D:11)
  14 sheep
  3 centaur simulacra
  2 big kobold zombies (Ossuary)
  An ogre zombie (Crypt:1)
  A hound zombie (D:5)
  24 mummies
  A hound skeleton (D:10)
  2 worker ant zombies (D:6)
  2 howler monkey skeletons
  12 gnolls
  74 river rats
  A river rat (shapeshifter) (Vaults:3)
  16 adders
  4 naga simulacra (IceCv)
  An ogre simulacrum (IceCv)
  A steam dragon zombie (Crypt:2)
  5 shadow imps
  8 white imps (IceCv)
  2 ufetubi
  An ooze (D:1)
  2 adder zombies (Ossuary)
  A halfling zombie (Crypt:2)
  4 worms
  5 dart slugs
  6 giant geckos
  125 orcs
  6 ball pythons
  20 bats
  A bat skeleton (Crypt:2)
  3 giant cockroaches
  8 hobgoblins
  13 jackals
  A quokka (D:3)
  2 giant gecko skeletons
  5 giant newts
  7 goblins
  2 goblin zombies
  9 hobgoblin zombies (Ossuary)
  2 jackal zombies (Ossuary)
  11 kobolds
  9 kobold zombies (Ossuary)
  8 orc zombies (Ossuary)
  A quokka skeleton (D:6)
  21 rats
  3 rat zombies
  A bush (Lair:2)
  8 fungi
  5 lost souls
  11 plants
  4 starspawn tentacles (WizLab)
  A starspawn tentacle segment (WizLab)
2690 creatures vanquished.

Vanquished Creatures (collateral kills)
  A greater mummy (Tomb:1)
  Vashnia (Snake:3)
  The ghost of PeterLawrence the Slayer, an adept MiFi of Okawaru (Vaults:1)
  A tentacled monstrosity (Vaults:5)
  2 titans
  A tengu reaver (Vaults:5)
  An ironheart preserver (Vaults:1)
  A stone giant (Vaults:5)
  A yaktaur captain (Vaults:4)
  2 necromancers (Crypt:3)
  A fire giant zombie (Crypt:2)
  An ugly thing (Vaults:2)
  2 deep elf magi (Elf:2)
  A cyclops (D:14)
  A vault sentinel (Vaults:1)
  A black mamba (Snake:1)
  A yaktaur (Vaults:5)
  2 water elementals (Depths:2)
  2 mummies
  2 orcs (Vaults:5)
26 creatures vanquished.

Vanquished Creatures (others)
  A tengu reaver (Vaults:4)
  A skeletal warrior (Tomb:1)
  A hill giant (Vaults:1)
  2 anubis guards (Tomb:2)
  A freezing wraith (Vaults:1)
  3 guardian mummies
  15 flying skulls (Tomb:2)
  A yak (D:12)
  A slave (D:7)
  A giant frog zombie (D:7)
  A killer bee zombie (D:7)
  2 mummies
  15 bushes
  10 demonic plants (WizLab)
  271 fire vortices
  15 fungi
  23 plants
  8 starspawn tentacles (WizLab)
  A starspawn tentacle segment (WizLab)
373 creatures vanquished.

Grand Total: 3089 creatures vanquished

Notes
Turn   | Place    | Note
--------------------------------------------------------------
     0 | D:1      | graki42 the Deep Elf Fire Elementalist began the quest for the Orb.
     0 | D:1      | Reached XP level 1. HP: 10/10 MP: 6/6
    98 | D:1      | Reached XP level 2. HP: 15/15 MP: 0/8
   402 | D:1      | Reached XP level 3. HP: 13/19 MP: 0/10
   772 | D:1      | Learned a level 3 spell: Conjure Flame
   776 | D:1      | Learned a level 3 spell: Inner Flame
  1212 | D:2      | Reached XP level 4. HP: 11/24 MP: 8/11
  1254 | D:1      | Reached skill level 4 in Spellcasting
  1931 | D:2      | Reached XP level 5. HP: 28/28 MP: 11/13
  2042 | D:3      | Found a deep blue altar of Sif Muna.
  2234 | D:3      | Found a white marble altar of Elyvilon.
  2353 | D:3      | Reached skill level 5 in Spellcasting
  2537 | D:3      | Found a sacrificial altar of Ru.
  2694 | D:3      | Found a basalt altar of Yredelemnul.
  2766 | D:3      | Reached XP level 6. HP: 32/32 MP: 11/15
  2775 | D:3      | Learned a level 4 spell: Sticky Flame
  2998 | D:4      | Noticed Menkaure
  3003 | D:4      | Killed Menkaure
  3003 | D:4      | Reached skill level 5 in Fire Magic
  3106 | D:4      | Reached skill level 6 in Spellcasting
  3189 | D:4      | Found a sparkling altar of Nemelex Xobeh.
  3199 | D:4      | Reached XP level 7. HP: 36/36 MP: 10/18
  3236 | D:4      | Noticed Natasha
  3244 | D:4      | Killed Natasha
  3359 | D:4      | Noticed Natasha
  3413 | D:4      | Killed Natasha
  3440 | D:4      | Noticed Natasha
  3444 | D:4      | Killed Natasha
  3604 | D:5      | Entered Level 5 of the Dungeon
  3612 | D:5      | Reached skill level 7 in Spellcasting
  4028 | D:5      | Reached skill level 5 in Conjurations
  4028 | D:5      | Reached skill level 1 in Hexes
  4120 | D:5      | Learned a level 5 spell: Fireball
  4217 | D:5      | Found a bloodstained altar of Trog.
  4251 | D:5      | Reached XP level 8. HP: 17/41 MP: 14/21
  4322 | D:5      | Found a staircase to the Ecumenical Temple.
  4328 | Temple   | Entered the Ecumenical Temple
  4629 | D:5      | Found a burning altar of Makhleb.
  4629 | D:5      | Noticed a balrug
  4692 | D:6      | Noticed Duvessa
  4692 | D:6      | Noticed Dowan
  4704 | D:6      | Killed Duvessa
  4704 | D:6      | Reached skill level 8 in Spellcasting
  4706 | D:6      | Killed Dowan
  4766 | D:6      | Found a sand-covered staircase.
  4777 | Ossuary  | Entered an ossuary
  5376 | D:6      | Noticed Prince Ribbit
  5499 | D:6      | Found an ancient bone altar of Kikubaaqudgha.
  5698 | D:6      | Noticed Crazy Yiuf
  5703 | D:6      | Killed Crazy Yiuf
  5743 | D:6      | Killed Prince Ribbit
  5743 | D:6      | Reached skill level 9 in Spellcasting
  5745 | D:6      | Found Umoaw's General Store.
  5919 | D:6      | Reached XP level 9. HP: 43/46 MP: 8/24
  6000 | D:6      | Reached skill level 1 in Short Blades
  6255 | D:6      | Found a blossoming altar of Fedhas.
  6262 | D:6      | Reached skill level 5 in Dodging
  6331 | D:6      | Noticed an oklob plant
  6513 | D:7      | Found a shimmering altar of Xom.
  6574 | D:7      | Got a crude robe
  6587 | D:7      | Identified the cursed +1 robe of Agnosticism {rPois MR+} (You found it on level 7 of the Dungeon)
  6655 | D:7      | Reached skill level 1 in Fighting
  6655 | D:7      | Reached skill level 10 in Spellcasting
  7307 | D:7      | Noticed Pikel
  7325 | D:7      | Killed Pikel
  7582 | D:8      | Noticed Erolcha
  7723 | D:8      | Killed Erolcha
  7723 | D:8      | Reached skill level 11 in Spellcasting
  7723 | D:8      | Reached XP level 10. HP: 44/52 MP: 16/27
  7844 | D:8      | Found an opulent altar of Gozag.
  7996 | D:8      | Found a shattered altar of Ashenzari.
  8695 | D:9      | Found a glowing golden altar of the Shining One.
  8872 | D:9      | Found a radiant altar of Vehumet.
  9068 | D:9      | Became a worshipper of Vehumet
  9186 | D:9      | Found Ruipaucoag's Retail Resort.
  9603 | D:9      | Found a staircase to the Lair.
  9605 | D:9      | Reached skill level 12 in Spellcasting
  9801 | D:10     | Entered Level 10 of the Dungeon
  9917 | D:10     | Learned a level 6 spell: Bolt of Fire
  9940 | D:10     | You fall through a shaft!
 10204 | D:10     | Noticed Josephine
 10212 | D:10     | Reached * piety under Vehumet
 10212 | D:10     | Offered knowledge of Freeze by Vehumet.
 10274 | D:11     | Noticed an unseen horror
 10407 | D:10     | Killed Josephine
 10537 | D:10     | Reached XP level 11. HP: 38/56 MP: 14/29
 10537 | D:10     | Reached skill level 10 in Fire Magic
 10970 | D:10     | Offered knowledge of Searing Ray by Vehumet.
 10977 | D:10     | Reached ** piety under Vehumet
 11095 | D:10     | Noticed a queen ant
 11304 | D:10     | Killed a queen ant
 11380 | D:10     | Reached skill level 13 in Spellcasting
 11883 | D:11     | Noticed a four-headed hydra
 11885 | D:11     | Killed a four-headed hydra
 11885 | D:11     | Reached skill level 10 in Conjurations
 11932 | D:11     | Killed an unseen horror
 12060 | D:11     | Noticed an unseen horror
 12063 | D:11     | Killed an unseen horror
 12471 | D:12     | Offered knowledge of Throw Frost by Vehumet.
 12492 | D:12     | Noticed a hill giant
 12813 | D:12     | Got an ivory quarterstaff
 12814 | D:12     | Identified the +1 quarterstaff "Dajaezoh" {crush, rElec rC++ MP+9 Int-2} (You found it on level 12 of the Dungeon)
 12824 | D:12     | Reached *** piety under Vehumet
 12891 | D:12     | Noticed a griffon
 12898 | D:12     | Killed a griffon
 12898 | D:12     | Reached skill level 5 in Stealth
 12899 | D:12     | Noticed a six-headed hydra
 12902 | D:12     | Killed a six-headed hydra
 13081 | D:12     | Reached XP level 12. HP: 62/62 MP: 20/31
 13084 | D:12     | Noticed Urug
 13085 | D:12     | Killed Urug
 13260 | D:12     | Reached skill level 14 in Spellcasting
 13280 | D:12     | Offered knowledge of Fulminant Prism by Vehumet.
 13507 | D:12     | Found an oddly glowing altar of Pakellas.
 14079 | D:12     | Found a staircase to the Orcish Mines.
 14227 | Lair:1   | Entered Level 1 of the Lair of Beasts
 14267 | Lair:1   | Found a dark tunnel.
 14318 | Volcano  | Entered a volcano
 14459 | Volcano  | Noticed Harold
 14466 | Volcano  | Killed Harold
 14466 | Volcano  | Reached **** piety under Vehumet
 14527 | Volcano  | Found a bloodstained altar of Trog.
 15166 | Lair:1   | Offered knowledge of Mephitic Cloud by Vehumet.
 15750 | Lair:2   | Reached skill level 15 in Spellcasting
 15851 | Lair:2   | Noticed Sonja
 15852 | Lair:2   | Killed Sonja
 16086 | Lair:2   | Reached ***** piety under Vehumet
 16086 | Lair:2   | Offered knowledge of Iron Shot by Vehumet.
 16088 | Lair:2   | Reached XP level 13. HP: 68/68 MP: 30/34
 16621 | Lair:3   | Learned a level 6 spell: Iron Shot
 17354 | Lair:3   | Reached skill level 1 in Earth Magic
 17821 | Lair:4   | Reached skill level 16 in Spellcasting
 18200 | Lair:4   | Offered knowledge of Poisonous Cloud by Vehumet.
 18625 | Lair:5   | Found a staircase to the Snake Pit.
 18808 | Lair:5   | Got a smoking arbalest
 18825 | Lair:5   | Found a labyrinth entrance.
 18832 | Lab      | Entered a labyrinth
 19322 | Lab      | Noticed a minotaur
 19324 | Lab      | Killed a minotaur
 19334 | Lab      | Identified the Incunabulum of Protection and Sinister Secrets
 19336 | Lab      | Identified the cursed +3 arbalest of Isarph {freeze, rC+ Dex+4} (You found it on level 5 of the Lair of Beasts)
 19544 | Lair:2   | Learned a level 7 spell: Ring of Flames
 20007 | Lair:6   | Reached XP level 14. HP: 72/72 MP: 24/36
 20128 | Lair:6   | Reached skill level 5 in Earth Magic
 20430 | Lair:6   | Found a staircase to the Swamp.
 20777 | Lair:6   | Noticed Snorg
 20780 | Lair:6   | Killed Snorg
 20780 | Lair:6   | Reached skill level 17 in Spellcasting
 21247 | Lair:7   | Learned a level 7 spell: Delayed Fireball
 21926 | Lair:7   | Found a staircase to the Slime Pits.
 21926 | Lair:7   | Found a viscous altar of Jiyva.
 22411 | Lair:8   | Entered Level 8 of the Lair of Beasts
 22722 | Lair:8   | Offered knowledge of Bolt of Magma by Vehumet.
 23000 | Lair:8   | Reached skill level 18 in Spellcasting
 23097 | Lair:8   | Reached ****** piety under Vehumet
 23503 | Lair:8   | Reached XP level 15. HP: 35/76 MP: 3/39
 23678 | Lair:8   | Offered knowledge of Orb of Destruction by Vehumet.
 24119 | Lair:8   | Identified a scroll of acquirement
 24132 | Lair:8   | Learned a level 7 spell: Orb of Destruction
 24507 | Orc:1    | Entered Level 1 of the Orcish Mines
 24658 | Orc:2    | Entered Level 2 of the Orcish Mines
 25055 | Orc:2    | Reached skill level 15 in Fire Magic
 25217 | Orc:2    | Found Ugayzxoc's General Store.
 25217 | Orc:2    | Found Faisuuc's Antique Armour Shop.
 25221 | Orc:2    | Found Pafuu's Jewellery Boutique.
 25223 | Orc:2    | Found Ceifeosai's Gadget Shoppe.
 25227 | Orc:2    | Bought the +3 robe of Clouds {+Fly rElec} for 477 gold pieces
 25228 | Orc:2    | Bought a crude cloak for 218 gold pieces
 25391 | Orc:2    | Found a staircase to the Elven Halls.
 25585 | Orc:1    | Noticed Fannar
 25653 | Orc:1    | Identified the cursed +0 cloak of the Duchess {rC+ Str+2 Int-3} (You bought it in a shop on level 2 of the Orcish Mines)
 25664 | Orc:1    | Killed Fannar
 25780 | Orc:1    | Offered knowledge of Spellforged Servitor by Vehumet.
 26264 | D:13     | Learned a level 7 spell: Spellforged Servitor
 26467 | D:13     | Reached skill level 15 in Conjurations
 26663 | D:13     | Reached skill level 19 in Spellcasting
 27186 | D:13     | Found Naunwof's Assorted Antiques.
 27189 | D:13     | Bought a fuming emerald potion for 23 gold pieces
 27191 | D:13     | Gained mutation: Your flesh is cold resistant. [potion of beneficial mutation]
 27241 | D:13     | Identified Sif Muna's Handbook of Transmutation and Poison
 27544 | D:14     | Reached skill level 10 in Dodging
 27657 | D:15     | Entered Level 15 of the Dungeon
 27725 | D:14     | Found a gate to the Vaults.
 28151 | D:14     | Offered knowledge of Poison Arrow by Vehumet.
 28302 | D:13     | Reached XP level 16. HP: 81/81 MP: 37/41
 28557 | Snake:1  | Entered Level 1 of the Snake Pit
 28850 | Swamp:1  | Entered Level 1 of the Swamp
 28852 | Swamp:1  | Noticed a thorn hunter
 28854 | Swamp:1  | Killed a thorn hunter
 29251 | Swamp:1  | Found a frozen archway.
 29262 | IceCv    | Entered an ice cave
 29518 | IceCv    | Noticed an Ice Fiend
 29522 | IceCv    | Reached skill level 10 in Earth Magic
 29526 | IceCv    | Killed an Ice Fiend
 30622 | Swamp:2  | Offered knowledge of Ozocubu's Refrigeration by Vehumet.
 31342 | Swamp:3  | Noticed Mara
 31667 | Swamp:3  | Reached skill level 20 in Spellcasting
 31817 | Swamp:3  | Noticed a thorn hunter
 31818 | Swamp:3  | Killed a thorn hunter
 32261 | Swamp:3  | Noticed graki42's illusion
 32352 | Swamp:3  | Noticed graki42's illusion
 32465 | Swamp:4  | Entered Level 4 of the Swamp
 33037 | Swamp:4  | Noticed a thorn hunter
 33039 | Swamp:4  | Killed a thorn hunter
 33212 | Swamp:4  | Got a shimmering falchion
 33215 | Swamp:4  | Identified the +6 falchion of Zin's Castigation {flame, rF+ SInv} (You found it on level 4 of the Swamp)
 33269 | Swamp:4  | Reached XP level 17. HP: 55/86 MP: 22/43
 33346 | Swamp:4  | Got a decaying rune of Zot
 34655 | Snake:1  | Reached skill level 21 in Spellcasting
 34658 | Snake:1  | You fall through a shaft!
 34678 | Snake:2  | Offered knowledge of Fire Storm by Vehumet.
 34678 | Snake:2  | Offered knowledge of Shatter by Vehumet.
 34678 | Snake:2  | Offered knowledge of Tornado by Vehumet.
 35233 | Snake:2  | Noticed Aizul
 35241 | Snake:2  | Killed Aizul
 35710 | Snake:3  | Found Seushrin's Food Shoppe.
 35717 | Snake:3  | Bought a meat ration for 70 gold pieces
 35717 | Snake:3  | Bought a meat ration for 70 gold pieces
 35717 | Snake:3  | Bought a meat ration for 70 gold pieces
 35810 | Snake:3  | Found Nigenger's Jewellery Boutique.
 35971 | Snake:3  | Noticed Vashnia
 36028 | Snake:3  | HP: 4/86 [Vashnia/bolt (8)]
 36036 | Snake:3  | Killed Vashnia
 36426 | Snake:3  | Found Aleed's Gadget Shop.
 36503 | Snake:3  | Found Iryopt's Antique Armour Shoppe.
 36511 | Snake:3  | Bought a pair of glowing gloves for 184 gold pieces
 37128 | Snake:4  | Entered Level 4 of the Snake Pit
 37486 | Snake:4  | Noticed Roxanne
 37492 | Snake:4  | Reached XP level 18. HP: 91/91 MP: 34/45
 37626 | Snake:4  | Killed Roxanne
 37635 | Snake:4  | Identified Roxanne's Incunabulum of Mutagenic Stones (You took it off Roxanne on level 4 of the Snake Pit)
 37929 | Snake:4  | Found Leyny's Armour Shoppe.
 38099 | Snake:4  | Reached skill level 22 in Spellcasting
 39153 | Snake:4  | Got a serpentine rune of Zot
 39563 | Lair:2   | Learned a level 9 spell: Fire Storm
 39569 | Lair:2   | Got a slimy iron ring
 39571 | Lair:2   | Identified the ring of Xom's Fair Game {+Inv +Fly rElec} (You acquired it on level 2 of the Lair of Beasts)
 39804 | D:15     | Found Qenaleynn's Assorted Antiques.
 39812 | D:15     | Bought a crystal rapier for 270 gold pieces
 39812 | D:15     | Bought a scroll of blinking for 225 gold pieces
 39812 | D:15     | Bought a square ivory amulet for 150 gold pieces
 39812 | D:15     | Identified the +7 rapier of Bischysi {pierce, Str+4} (You bought it in a shop on level 15 of the Dungeon)
 40032 | D:15     | Reached skill level 1 in Summonings
 40463 | D:15     | Found a staircase to the Depths.
 40646 | Vaults:1 | Entered Level 1 of the Vaults
 40651 | Vaults:1 | Noticed PeterLawrence's ghost (adept MiFi)
 40653 | Vaults:1 | Noticed Jorgrun
 40655 | Vaults:1 | Found a magical portal.
 40667 | WizLab   | Entered Lehudib's Moon Base
 41014 | WizLab   | Reached XP level 19. HP: 91/96 MP: 19/47
 41259 | WizLab   | Reached skill level 23 in Spellcasting
 41295 | WizLab   | Reached skill level 1 in Charms
 41631 | WizLab   | Gained mutation: You have sharp toenails. [potion of beneficial mutation]
 41694 | WizLab   | Got a brightly glowing mace
 41695 | WizLab   | Identified the cursed +2 mace of Prudence {crush, rElec Str+3 Dex-5} (You found it in a wizard's laboratory)
 41725 | Vaults:1 | Killed PeterLawrence's ghost
 42241 | Vaults:1 | Killed Jorgrun
 42241 | Vaults:1 | Reached skill level 5 in Charms
 42270 | Vaults:1 | Noticed Nikola
 42274 | Vaults:1 | Killed Nikola
 43524 | Vaults:2 | Reached XP level 20. HP: 101/101 MP: 49/49
 43763 | Vaults:2 | Found a staircase to the Crypt.
 43863 | Vaults:2 | Reached skill level 24 in Spellcasting
 44820 | Vaults:2 | Upgraded the game from 0.18-a0-1577-gf591c28 to 0.18-a0-1639-g7533f42
 45050 | Elf:1    | Entered Level 1 of the Elven Halls
 46175 | Elf:2    | Got a twisted war axe
 46176 | Elf:2    | Identified the +5 war axe "Jassyssu" {holy, rElec MR+++ Stlth-} (You found it on level 2 of the Elven Halls)
 46589 | Elf:2    | Found a runed gate.
 46589 | Elf:2    | Found a runed gate.
 46592 | Elf:2    | Found a runed gate.
 46659 | Elf:2    | Found Jemiwuuh's Food Boutique.
 46801 | Elf:2    | Reached XP level 21. HP: 105/105 MP: 21/51
 46815 | Elf:2    | Reached skill level 25 in Spellcasting
 47283 | Elf:2    | Learned a level 2 spell: Blink
 47313 | Elf:3    | Entered Level 3 of the Elven Halls
 47367 | Elf:3    | Reached skill level 1 in Evocations
 47647 | Elf:3    | Got a pitted platinum ring
 47687 | Elf:3    | Identified the ring of Compulsion {+Inv rElec rC+ MP+9 AC+4} (You took it off a deep elf mage on level 3 of the Elven Halls)
 47749 | Elf:3    | Identified the Volume of Lucky Lightness
 47864 | Elf:3    | Identified the Reference Book on Toxins and Conjuration (You found it on level 3 of the Elven Halls)
 47873 | Elf:3    | Got a brightly glowing robe
 47875 | Elf:3    | Got a crystal spear
 47897 | Elf:3    | Identified the cursed +1 robe "Rauschum" {*Contam Str+3} (You found it on level 3 of the Elven Halls)
 47911 | Elf:3    | Got a pitted great sword
 47912 | Elf:3    | Identified the cursed +1 spear "Lunicki" {pain, MP+9 Str+4 Stlth-} (You found it on level 3 of the Elven Halls)
 47914 | Elf:3    | Identified the +3 great sword "Ufroawk" {drain, Int+2} (You found it on level 3 of the Elven Halls)
 48360 | Vaults:1 | Learned a level 8 spell: Necromutation
 48543 | Vaults:3 | Reached skill level 1 in Necromancy
 48686 | Vaults:3 | Reached skill level 1 in Transmutations
 49608 | Vaults:3 | Noticed Saint Roka
 49609 | Vaults:3 | Killed Saint Roka
 49788 | Vaults:3 | Reached XP level 22. HP: 93/111 MP: 22/53
 49944 | Vaults:4 | Noticed Sojobo
 49986 | Vaults:4 | Reached skill level 26 in Spellcasting
 50065 | Vaults:4 | Killed Sojobo
 50510 | Vaults:4 | Noticed Margery
 50515 | Vaults:4 | Killed Margery
 51219 | Vaults:5 | Entered Level 5 of the Vaults
 51238 | Vaults:5 | Reached skill level 5 in Necromancy
 51239 | Vaults:5 | Reached skill level 5 in Transmutations
 51245 | Vaults:5 | Reached XP level 23. HP: 76/115 MP: 28/55
 51458 | Vaults:5 | Reached skill level 27 in Spellcasting
 51563 | Vaults:5 | Got a wavering ivory amulet
 51691 | Vaults:5 | Got an encrusted flail
 51707 | Vaults:5 | Got a scintillating silver ring
 51744 | Vaults:5 | Got a bloodstained hunting sling
 52019 | Vaults:5 | Identified the ring "Qiumeusa" {-Tele Str+7 Slay+3} (You found it on level 5 of the Vaults)
 52026 | Vaults:5 | Identified the amulet of Feyrr {Dismiss MR++} (You found it on level 5 of the Vaults)
 52029 | Vaults:5 | Identified the +1 flail "Ohupoa" {drain, Str+3} (You found it on level 5 of the Vaults)
 52030 | Vaults:5 | Identified the +4 hunting sling of Okawaru's Scorn {venom, rElec rPois MR+ Stlth+} (You took it off a vault warden on level 5 of the Vaults)
 52044 | Vaults:5 | Got a translucent long sword
 52064 | Vaults:5 | Identified the cursed +2 long sword of the Whelk {freeze, rPois Str+8} (You found it on level 5 of the Vaults)
 52106 | Vaults:5 | Got a serpentine granite ring
 52108 | Vaults:5 | Got a sparkling golden ring
 52114 | Vaults:5 | Got a slimy morningstar
 52117 | Vaults:5 | Identified the +7 morningstar of Autumn {elec, rC+ Str+6 Dex-2} (You found it on level 5 of the Vaults)
 52142 | Vaults:5 | Identified the ring of Due Proportion {rN+ MR+} (You found it on level 5 of the Vaults)
 52144 | Vaults:5 | Identified the ring "Etocalal" {-Tele rF+ MR+++ Int+3} (You found it on level 5 of the Vaults)
 52214 | Vaults:5 | Got a silver rune of Zot
 52409 | Vaults:5 | Identified the Guide on Curses
 52420 | Vaults:5 | Got a bloodstained arbalest
 52420 | Vaults:5 | Got an encrusted halberd {chop}
 52421 | Vaults:5 | Identified the +10 arbalest of the Hero {penet, +Blink rC++ Str-2 SInv} (You took it off a vault sentinel on level 5 of the Vaults)
 52422 | Vaults:5 | Identified the +6 halberd "Leviticus" {chop, rPois MR++} (You took it off a vault sentinel on level 5 of the Vaults)
 52542 | Vaults:5 | Got a serpentine bronze amulet
 52548 | Vaults:5 | Identified the amulet "Ajel" {Dismiss +Inv rN+ MR- Stlth+} (You found it on level 5 of the Vaults)
 52817 | Vaults:5 | Identified the Tome of Icy Stolen Souls
 53508 | Depths:1 | Entered Level 1 of the Depths
 53682 | Depths:1 | Found a one-way gate to the infinite horrors of the Abyss.
 54009 | Depths:1 | Reached XP level 24. HP: 94/120 MP: 24/56
 54391 | Depths:1 | Found Waenut's Antique Weapon Shoppe.
 54414 | Depths:1 | Found a gateway to Hell.
 54601 | Depths:1 | Noticed namelastname112's ghost (journeyman DrMo)
 54612 | Depths:1 | Killed namelastname112's ghost
 55207 | Depths:1 | Found a one-way gate leading to the halls of Pandemonium.
 55263 | Depths:2 | Found Huvul's General Store.
 55269 | Depths:2 | Noticed Wiglaf
 55273 | Depths:2 | Killed Wiglaf
 55273 | Depths:2 | Reached skill level 10 in Necromancy
 55803 | Depths:2 | Noticed a juggernaut
 55810 | Depths:2 | Killed a juggernaut
 55810 | Depths:2 | Reached skill level 10 in Transmutations
 56158 | Depths:2 | Noticed a juggernaut
 56161 | Depths:2 | Killed a juggernaut
 56239 | Depths:2 | Got a polished blowgun
 56242 | Depths:2 | Identified the +1 blowgun of Vaggub {speed, rElec} (You found it on level 2 of the Depths)
 56980 | Crypt:1  | Entered Level 1 of the Crypt
 57334 | Crypt:1  | Noticed Xtahua
 57341 | Crypt:1  | Killed Xtahua
 57341 | Crypt:1  | Reached XP level 25. HP: 121/125 MP: 13/56
 57728 | Crypt:2  | Noticed an ancient lich
 57731 | Crypt:2  | Killed an ancient lich
 58501 | Crypt:3  | Entered Level 3 of the Crypt
 58981 | Crypt:3  | Reached skill level 15 in Earth Magic
 58989 | Crypt:3  | Noticed Mennas
 58994 | Crypt:3  | Killed Mennas
 59103 | Crypt:3  | Found a basalt altar of Yredelemnul.
 59126 | Crypt:3  | Got a scintillating steel ring
 59126 | Crypt:3  | Got a flickering iron ring
 59131 | Crypt:3  | Identified the ring "Meyjeceo" {rN+ Str+3} (You found it on level 3 of the Crypt)
 59133 | Crypt:3  | Identified the ring "Xoiggerph" {-Tele rPois rN+ Str+2 Dex+3} (You found it on level 3 of the Crypt)
 59150 | Crypt:3  | Noticed an ancient lich
 59154 | Crypt:3  | Killed an ancient lich
 59536 | Crypt:3  | Found a staircase to the Tomb.
 60269 | Tomb:1   | Entered Level 1 of the Tomb of the Ancients
 60306 | Tomb:1   | Reached skill level 15 in Necromancy
 60333 | Tomb:1   | Noticed Boris
 60335 | Tomb:1   | Killed Boris
 60410 | Tomb:1   | Noticed an ancient lich
 60411 | Tomb:1   | Killed an ancient lich
 60842 | Tomb:1   | Reached XP level 26. HP: 131/131 MP: 43/56
 60852 | Tomb:1   | Noticed a greater mummy
 60855 | Tomb:1   | Killed a greater mummy
 61146 | Tomb:2   | Noticed a greater mummy
 61146 | Tomb:2   | Noticed a greater mummy
 61146 | Tomb:2   | Noticed a greater mummy
 61148 | Tomb:2   | Noticed a greater mummy
 61150 | Tomb:2   | Reached skill level 15 in Transmutations
 61150 | Tomb:2   | Killed a greater mummy
 61152 | Tomb:2   | Killed a greater mummy
 61152 | Tomb:2   | Killed a greater mummy
 61154 | Tomb:2   | Killed a greater mummy
 61338 | Tomb:2   | Lost strength.
 62296 | Tomb:1   | Noticed a greater mummy
 62296 | Tomb:1   | Noticed a greater mummy
 62296 | Tomb:1   | Noticed a greater mummy
 62296 | Tomb:1   | Noticed a greater mummy
 62296 | Tomb:1   | Noticed a greater mummy
 62297 | Tomb:1   | Noticed a greater mummy
 62298 | Tomb:1   | Killed a greater mummy
 62298 | Tomb:1   | Killed a greater mummy
 62298 | Tomb:1   | Killed a greater mummy
 62298 | Tomb:1   | Killed a greater mummy
 62299 | Tomb:1   | Killed a greater mummy
 62299 | Tomb:1   | Killed a greater mummy
 62303 | Tomb:1   | Noticed a greater mummy
 62304 | Tomb:1   | Noticed a greater mummy
 62304 | Tomb:1   | Killed a greater mummy
 62311 | Tomb:2   | Killed a greater mummy
 62486 | Tomb:1   | Noticed a greater mummy
 62491 | Tomb:1   | Noticed a greater mummy
 62491 | Tomb:1   | Killed a greater mummy
 62495 | Tomb:1   | Killed a greater mummy
 62495 | Tomb:1   | Lost strength.
 62589 | Tomb:1   | Noticed a greater mummy
 62595 | Tomb:1   | Killed a greater mummy
 62664 | Tomb:1   | Noticed a greater mummy
 62665 | Tomb:1   | Noticed a greater mummy
 62666 | Tomb:1   | Killed a greater mummy
 62666 | Tomb:1   | Killed a greater mummy
 62738 | Tomb:1   | Noticed a greater mummy
 62741 | Tomb:1   | Killed a greater mummy
 62747 | Tomb:1   | Noticed a greater mummy
 62754 | Tomb:1   | Killed a greater mummy
 63249 | Tomb:3   | Entered Level 3 of the Tomb of the Ancients
 63261 | Tomb:3   | Noticed a greater mummy
 63262 | Tomb:3   | Noticed an ancient lich
 63269 | Tomb:2   | Slain by a bennu

Vault maps used:
D:1:      nicolae_arrival_somewhat_less_tricky_arrival
D:2:      first_bread, minmay_close_crescents
D:3:      corexii_shack_village, old_standard_altar, nicolae_ru_path_of_blood,
          kennysheep_ying_yang
D:4:      nicolae_overflow_crystal_walls, uniq_natasha, uniq_menkaure
D:5:      makhleb_altar_promises_db, old_standard_altar,
          minmay_temple_entry_overgrown, minivault_11
D:6:      minmay_opposing_rooms, tgw_fedhas, kiku_gazebo_garden_becter,
          serial_shops, shop, enter_ossuary_4, nicolae_lava_and_water,
          uniq_crazy_yiuf_cottage, uniq_prince_ribbit1, uniq_duvessa
D:7:      xom_confusion_cloud, kennysheep_pointless_box, grunt_livestock,
          uniq_pikel
D:8:      nicolae_gozag_cash_rules_everything_around_me,
          lemuel_coloured_pillars_altar, minmay_misc_feat_room, uniq_erolcha
D:9:      tso_metal_star, vehumet_statue, grunt_lair_entry_orc_guard_hut,
          nicolae_alphabet_shops
D:10:     serial_glass, glass_columns_a, glass_columns_a, glass_columns_a,
          glass_columns_a, glass_columns_b, glass_columns_b, glass_columns_a,
          glass_columns_c, glass_columns_c, glass_columns_c, zaba_antful_of_joy,
          uniq_josephine
D:11:     minmay_misc_feat_encased
D:12:     david_orc_4, gammafunk_pakellas_statue_experiment, uniq_urug
D:13:     minmay_curly_fans, serial_shops, kennysheep_mini_moat,
          roderic_roman_lattice, introduction_to_nature_2
D:14:     minmay_connected_triangles_in_corner, david_vaults_2,
          minmay_misc_feat_roman
D:15:     hangedman_depths_entry_try_elsewhere_first, special_room,
          serial_shops, nicolae_shop_overgrown_old_shop
Temple:   circular_temple_6
Lair:1:   nicolae_volcano_entry_two_sided, nicolae_lair_grove_arrangements,
          beast_lair_carwin_7
Lair:2:   beast_lair_carwin_5, uniq_sonja
Lair:3:   serial_bayou_lake_a
Lair:4:   forest_paths, st_stairs_7, minmay_holes, nicolae_quartered_pool_medium
Lair:5:   minmay_snake_entry_guardpost_small, lab_entry_generic
Lair:6:   minmay_swamp_entry_wisps, uniq_snorg
Lair:7:   slime_altar_1, grunt_forest_large_clearings, grunt_megastairs_5
Lair:8:   minmay_lair_end_enchanted_forest, serial_bayou_lagoon_b,
          serial_bayou_shore_b
Swamp:1:  portal_ice_cave_entry_ice_statue_02, evilmike_swamp_ruin_rubble_1
Swamp:2:  evilmike_swamp_ruin_house_2, swamp_pool1, infiniplex_staircase_pool
Swamp:3:  cheibrodos_swamp_heart_of_darkness, evilmike_swamp_ruin_rubble_2,
          uniq_mara
Swamp:4:  swamp_basic_johnstein, swamp_pool2
Snake:1:  st_stairs_4, serial_bayou_pond_d
Snake:2:  uniq_aizul
Snake:3:  serial_shops, shop, shop, nicolae_shop_overgrown_old_shop, shop,
          uniq_vashnia
Snake:4:  grunt_snake_rune_pools, serial_shops, shop, special_room, st_stairs_4,
          abandoned_shop, uniq_roxanne
Orc:1:    guppyfry_library_mini, uniq_fannar
Orc:2:    st_orc_rangers
Elf:1:    hangedman_elf_represent, grunt_megastairs_3,
          roderic_lattice_octagonal_star
Elf:2:    serial_shops, shop
Elf:3:    minmay_elf_hall_spiked
Vaults:1: v_misc_14, v_misc_28, nicolae_vaults_border_crossing,
          dpeg_vaults_monster_box, v_misc_8, v_misc_3, vaults_room_octagon,
          hangedman_vaults_unwind, ontoclasm_vaults_shout, v_misc_2,
          ontoclasm_vaults_loading_screen, vaults_room_semicircle,
          ontoclasm_vaults_bender, mu_enter_wizlab_4, uniq_jorgrun, uniq_nikola
Vaults:2: st_eye, minmay_crypt_entry_skeletal_spiral, v_misc_16,
          nicolae_vaults_mini_display_case, nicolae_vaults_little_squares_5,
          hangedman_vaults_variations, v_misc_29, ontoclasm_vaults_hangar,
          hangedman_vaults_pinch, vaults_room_boxed, ontoclasm_vaults_ligature,
          vaults_dpeg_diagonal, hangedman_vaults_trim, vaults_room_hallway
Vaults:3: vaults_dpeg_hooks, ontoclasm_vaults_idyll, v_misc_18,
          ontoclasm_vaults_ring_small, v_rooms_4, v_misc_31,
          nicolae_vaults_quartermaster, nicolae_vaults_yaktaur_gun_rack,
          vaults_dpeg_ring, v_misc_13, vaults_room_semicircle,
          vaults_standard_mumra_x, uniq_saint_roka
Vaults:4: hangedman_vaults_trim, nicolae_vaults_know_your_exits, v_misc_2,
          grunt_vaults_twisty, v_misc_33, vaults_room_semicircle,
          vaults_room_hallway, uniq_sojobo, uniq_margery
Crypt:1:  uniq_xtahua
Crypt:2:  st_stairs_6, library_closet, hex_large, eino_tiny_chamber
Crypt:3:  cryptofortress_bobbens, uniq_mennas
Tomb:1:   uniq_boris
Depths:1: hangedman_cross_veins, hell_entry, serial_shops, shop,
          rand_demon_pan_entry_4, abyss_entry_small_statue_room,
          serial_bayou_pond_c, st_stairs_3, lemuel_another_geyser
Depths:2: kennysheep_large_vault, pan_entry, minmay_splitting_lines, hell_entry,
          serial_shops, nicolae_shop_waterfront, kennysheep_just_a_vault,
          uniq_wiglaf
Lab:      nicolae_lab_dead_adventurers, labyrinth_lava_lair, lab_fountain,
          nicolae_lab_hexagon, nicolae_lab_lava, labyrinth_skeletal_remains,
          nicolae_lab_starburst, lab_hedge, lab_block
Ossuary:  ossuary_tomb_1
IceCv:    ice_cave_caverns_03
Volcano:  volcano_grotto
WizLab:   wizlab_lehudib

Skill      XL: |  1  2  3  4  5  6  7  8  9 10 11 12 13 14 15 16 17 18 19 20 21 22 23 24 25 26 |
---------------+-------------------------------------------------------------------------------+-----
Fire Magic     | 4 5 6 7 9 11 12 13 14 15 16 17 18 19 20 21 22 23 | 23.4
Dodging        | 3 4 6 7 8 9 10 11 12 13 | 13.4
Spellcasting   | 4 5 6 7 9 11 12 13 15 16 18 19 20 21 22 23 24 25 26 27 | 27.0
Conjurations   | 2 3 4 5 6 7 9 10 12 13 14 15 16 17 18 19 20 21 22 23 | 23.0
Stealth        | 3 4 5 6 7 |  7.5
Hexes          | 1 2 3 |  3.5
Short Blades   | 2 |  2.8
Fighting       | 1 2 3 4 |  4.4
Earth Magic    | 4 7 9 10 11 12 13 14 15 16 | 16.0
Summonings     | 3 4 |  4.0
Charms         | 7 9 |  9.3
Evocations     | 1 3 |  3.4
Necromancy     | 2 5 8 12 15 17 | 17.7
Transmutations | 2 5 8 11 14 16 | 16.7
Staves         | |  0.2
Throwing       | |  0.4

Action                   |  1- 3 |  4- 6 |  7- 9 | 10-12 | 13-15 | 16-18 | 19-21 | 22-24 | 25-27 || total
-------------------------+-------+-------+-------+-------+-------+-------+-------+-------+-------++-------
Melee: Unarmed           |     1 |       |       |       |       |       |       |       |       ||     1
       Dagger            |    12 |     9 |   105 |   151 |       |       |       |       |       ||   277
       Long sword        |       |       |     2 |       |       |       |       |       |       ||     2
       Quarterstaff      |       |       |       |     3 |     6 |     4 |       |       |       ||    13
Throw: Stone             |     8 |       |       |       |       |       |       |       |       ||     8
 Cast: Flame Tongue      |    62 |   108 |   211 |   270 |   112 |    17 |       |       |       ||   780
       Conjure Flame     |     2 |     6 |    15 |    12 |     2 |     1 |     2 |       |       ||    40
       Inner Flame       |     1 |     3 |     4 |     7 |    13 |     1 |     2 |     1 |       ||    32
       Sticky Flame      |       |     1 |    28 |    60 |    47 |    33 |    17 |     9 |     2 ||   197
       Fireball          |       |       |     7 |    97 |   243 |   155 |   252 |   194 |   105 ||  1053
       Bolt of Fire      |       |       |       |    37 |   176 |   315 |   109 |   120 |    48 ||   805
       Iron Shot         |       |       |       |       |     9 |   107 |   155 |    77 |   104 ||   452
       Delayed Fireball  |       |       |       |       |     2 |     2 |       |       |       ||     4
       Orb of Destructio |       |       |       |       |     1 |     5 |       |       |       ||     6
       Spellforged Servi |       |       |       |       |       |     1 |     2 |       |       ||     3
       Fire Storm        |       |       |       |       |       |       |    13 |    59 |    70 ||   142
       Ring of Flames    |       |       |       |       |       |       |     1 |     2 |     6 ||     9
       Necromutation     |       |       |       |       |       |       |       |     4 |    61 ||    65
 Abil: Release Delayed F |       |       |       |       |     1 |     2 |       |       |       ||     3
       Evoke Flight      |       |       |       |       |       |       |       |     1 |       ||     1
Evoke: Lamp of fire      |       |       |       |       |     1 |     2 |       |     1 |     2 ||     6
       Box of beasts     |       |       |       |       |       |     1 |       |       |       ||     1
       Phantom mirror    |       |       |       |       |       |     1 |       |       |       ||     1
       Wand              |       |       |       |       |       |       |     4 |     4 |     3 ||    11
  Use: Scroll            |     4 |     3 |    15 |    10 |    12 |    22 |    10 |    11 |     2 ||    89
       Potion            |       |       |       |     5 |     3 |     6 |     7 |       |       ||    21
 Stab: Sleeping          |       |       |       |     5 |     1 |       |       |       |       ||     6
  Eat: Chunk             |     1 |     6 |    13 |    36 |    50 |    18 |    22 |    15 |       ||   161
       Pizza             |       |       |     1 |     4 |     2 |     5 |     1 |     1 |       ||    14
       Beef jerky        |       |       |     1 |       |     3 |     2 |       |     2 |     1 ||     9
       Fruit             |       |       |       |       |     2 |       |       |     3 |     2 ||     7
       Bread ration      |       |       |       |       |       |     4 |       |       |     2 ||     6
       Royal jelly       |       |       |       |       |       |       |     1 |       |       ||     1
       Meat ration       |       |       |       |       |       |       |     1 |       |       ||     1
